Cogmind - Beta 17 @@@ ROGUE MODE // 2026.07.13 @ 10:12:24 Player: pinbox Result: Destroyed by G7-TGL(R) with Subdweller Shrapnel Launcher Performance ------------- Evolutions (0) 0 Regions Visited (2) 400 Robots Destroyed (22) 110 Value Destroyed (588) 588 Prototype IDs (0) 0 Alien Tech Used (0) 0 Bonus (-60) -60 TOTAL SCORE: 1038 Bonus ------- Friendly Fire -60 Cogmind --------- Core Integrity 0/250 Matter 300/300 Energy 19/200 System Corruption 12% Temperature Cool (0) Movement Rolling (120) Ox1 Location -10/Subcaves Parts ------- > --- POWER (1) -------- Subdweller Power Source > --- PROPULSION (2) --- Subdweller Monowheel > --- UTILITY (2) ------ Large Storage Unit Seismic Detector > --- WEAPON (2) ------- Subdweller Laser Subdweller Laser > --- INVENTORY (15) --- Subdweller Power Source Subdweller Power Source Subdweller Power Source Subdweller Monowheel Subdweller Optics Subdweller Optics Scrap Shield Subdweller Laser Subdweller Machine Gun Subdweller Machine Gun Subdweller Machine Gun Subdweller Machine Gun Subdweller Shrapnel Launcher Subdweller Shrapnel Launcher Peak State ------------ > --- POWER ------------ Subdweller Power Source > --- PROPULSION ------- Subdweller Monowheel Subdweller Monowheel > --- UTILITY ---------- Large Storage Unit Seismic Detector > --- WEAPON ----------- Subdweller Laser Subdweller Laser > --- INVENTORY -------- Subdweller Power Source Subdweller Power Source Subdweller Power Source Subdweller Monowheel Subdweller Optics Subdweller Optics Scrap Shield Subdweller Laser Subdweller Machine Gun Subdweller Machine Gun Subdweller Machine Gun Subdweller Machine Gun Subdweller Shrapnel Launcher Subdweller Shrapnel Launcher [Rating: 15] Favorites ----------- Power Ion Engine Engine Ion Engine Propulsion Light Treads Treads Light Treads Wheel Subdweller Monowheel Utility Seismic Detector Device Seismic Detector Storage Large Storage Unit Protection Weapon Shielding Weapon Subdweller Laser Energy Gun Subdweller Laser Ballistic Gun Light Assault Rifle Build | -11 -10 -10 ------- Run | Yrd Mat Sub Slots Evolved . | . . . Power . | . . . Propulsion . | . . . Utility . | . . . Weapon . | . . . Parts Attached 20 | 7 1 12 Power 3 | 1 . 2 Engine 3 | 1 . 2 Core . | . . . Reactor . | . . . Propulsion 6 | 2 . 4 Treads 3 | 2 . 1 Leg . | . . . Wheel 3 | . . 3 Hover . | . . . Flight . | . . . Utility 7 | 2 1 4 Device 2 | 1 . 1 Storage 2 | 1 1 . Processor . | . . . Hackware . | . . . Protection 3 | . . 3 Artifact . | . . . Weapon 4 | 2 . 2 Energy Gun 3 | 1 . 2 Energy Cannon . | . . . Ballistic Gun 1 | 1 . . Ballistic Cannon . | . . . Launcher . | . . . Special Weapon . | . . . Impact Weapon . | . . . Slashing Weapon . | . . . Piercing Weapon . | . . . Special Melee Weapon . | . . . Unidentified Prototypes . | . . . Corrupted Parts 3 | 1 . 2 System Corruption 12 | 1 . 11 Parts Lost 5 | . . 5 Power 2 | . . 2 Propulsion 3 | . . 3 Utility . | . . . Weapon . | . . . Highest Loss Streak 2 | . . 2 To Critical Strikes . | . . . Average Backups 11 | 1 7 13 Power 1 | . 1 1 Propulsion 1 | . 1 1 Utility 5 | . 3 6 Weapon 3 | . 1 4 Tool/Special . | . . . Unused Backups 18 | . . 18 Power 3 | . . 3 Propulsion 1 | . . 1 Utility 5 | . . 5 Weapon 9 | . . 9 Tool/Special . | . . . Average Slot Usage (%) 99 | . 100 99 Engine 14 | . 14 14 Treads 27 | . 28 26 Device 12 | . 14 12 Storage 14 | . 14 14 Protection 1 | . . 1 Energy Gun 23 | . 14 26 Ballistic Gun 4 | . 14 1 Peak Build Rating 15 | 7 8 15 Average Rating 10 | 5 7 11 On Entrance 5 | . 7 8 Avg Prop Armor Cover (%) . | . . . Naked Turns . | . . . Heaviest Build 34 | 14 29 34 Greatest Support 40 | 40 40 40 Greatest Overweight (x) 1 | . . 1 Average Overweight (x) . | . . . Largest Inventory Capacity 15 | 8 15 15 Average Capacity 13 | 7 12 15 Most Carried 15 | 2 11 15 Average Carried 12 | 1 8 14 Final Capacity 15 | 8 15 15 Final Carried 15 | 2 11 15 Class Distribution -------------------- 52% | Mutant 47% | Scavenger-Mutant Dominant Class ---------------- Mutant | -10/Materials Scavenger-Mutant | -10/Subcaves Resources | -11 -10 -10 ----------- Run | Yrd Mat Sub Matter Collected 801 | 203 244 354 Remotely . | . . . Salvage Created 879 | 13 384 482 Parts 57 | 2 20 35 Haulers Intercepted 1 | . 1 . Recyclers Shooed . | . . . Parts Field Recycled . | . . . Retrieved Matter . | . . . Parts Self-Destructed 9 | . . 9 Prevented 2 | . . 2 Parts Restored . | . . . Kills | -11 -10 -10 ------- Run | Yrd Mat Sub Combat Hostiles Destroyed 19 | . 8 11 Guns 19 | . 8 11 Classes Destroyed 7 | 1 4 2 Tunneler 1 | 1 . . Hauler 1 | . 1 . Watcher 1 | . 1 . Swarmer 6 | . 3 3 Grunt 5 | . 5 . Subdweller 8 | . . 8 Scientist 1 | . . 1 Best Kill Streak 3 | 1 3 3 Combat Bots Only 3 | . 3 3 Max Kills in Single Turn 1 | 1 1 1 Gunslinging . | . . . Exploded . | . . . Melee . | . . . Uniques/NPCs Destroyed . | . . . Combat | -11 -10 -10 -------- Run | Yrd Mat Sub Hostile Shots Fired 83 | . 39 44 Missed 15 | . 6 9 Hits 68 | . 33 35 Projectile 68 | . 33 35 AOE 3 | . . 3 Critical Strikes 1 | . 1 . Damage Taken 1154 | . 362 792 Core 262 | . 107 155 Absorbed by Shields . | . . . Redirected to Shielding 27 | . . 27 Core Remaining (%) 100 | 100 . . Volleys Fired 98 | 5 42 51 Largest 2 | 2 2 2 Hottest 120 | 60 60 120 Shots Fired 200 | 10 84 106 Gun 200 | 10 84 106 Cannon . | . . . Launcher . | . . . Special . | . . . Kinetic 62 | 5 42 15 Thermal 76 | . . 76 Explosive . | . . . Electromagnetic 62 | 5 42 15 Robot Hit Streak 34 | 3 7 34 Robot Miss Streak 5 | 2 5 2 Penetration Max . | . . . Secondary Targets 3 | . 2 1 Max Gunslinging Chain 1 | . 1 1 Shots Hit Robots 115 | 6 44 65 Core Hits 46 | 1 22 23 Critical Kills . | . . . Critical Parts Destroyed 1 | . . 1 Critical Strikes 4 | . 3 1 Destroy 1 | . . 1 Corrupt 3 | . 3 . Melee Attacks . | . . . Impact . | . . . Slashing . | . . . Piercing . | . . . Sneak Attacks . | . . . Combat Hostiles . | . . . Follow-up Attacks . | . . . Damage Inflicted 1633 | 76 495 1062 Guns 1633 | 76 495 1062 Cannons . | . . . Explosions . | . . . Melee . | . . . Ramming . | . . . Kinetic 303 | 20 191 92 Thermal 830 | . . 830 Explosive . | . . . Electromagnetic 500 | 56 304 140 Impact . | . . . Slashing . | . . . Piercing . | . . . Highest Corruption 12 | 1 1 12 Average Corruption 7 | 1 1 9 Corruption Purged . | . . . Corruption Blocked . | . . . Effects 81 | . 9 72 Message Errors 15 | . 2 13 Matter Fused 16 | . . 16 Heat Flow Errors 12 | . 3 9 Energy Discharges 10 | . 2 8 Parts Rejected 1 | . 1 . Parts Fused 1 | . . 1 Data Loss (minor) 17 | . 1 16 Data Loss (major) 3 | . . 3 Misfires 4 | . . 4 Alerts 2 | . . 2 Overload Shots . | . . . Overflow Damage . | . . . Projectiles . | . . . Explosions . | . . . Melee . | . . . Knockbacks . | . . . Impact . | . . . Kinetic . | . . . Secondary . | . . . Self-Inflicted Damage . | . . . Shots . | . . . Rammed . | . . . Targets Rammed . | . . . Kicked . | . . . Crushed . | . . . Highest Temperature 292 | 40 289 292 Average Temperature 72 | 23 74 77 Received Heat Transfer 273 | . 177 96 Siege Activations . | . . . Martial Activations . | . . . Shielding Activations . | . . . Robots Disrupted . | . . . Combat Hostiles . | . . . Robots Corrupted . | . . . Combat Hostiles . | . . . Parts Fried 1 | . 1 . Impact Corruptions . | . . . Robots Melted . | . . . Combat Hostiles . | . . . Parts Melted 1 | . . 1 Heat Transferred 1000 | . . 1000 Parts Sabotaged . | . . . Parts Stolen . | . . . Parts Stripped . | . . . Power Chain Reactions . | . . . Alert | -11 -10 -10 ------- Run | Yrd Mat Sub Maximum Alert Level . | . . . Low Security (%) 100 | 100 100 . Level 1 . | . . . Level 2 . | . . . Level 3 . | . . . Level 4 . | . . . Level 5 . | . . . High Security . | . . . Max Security . | . . . Peak Influence 114 | 5 114 . Initial . | . . . Average 30 | . 35 . Influence Increases 340 | 5 265 70 Destroy 0b10 Robot/C 220 | . 160 60 Destroy 0b10 Robot/NC 15 | 5 10 . Destroy Leader 54 | . 44 10 Successful Hack 21 | . 21 . Lose Combat Pursuer 30 | . 30 . Influence Decreases 340 | 5 239 96 Entered New Map 14 | . . 14 Time Decay 316 | 5 239 72 Lost Part 10 | . . 10 Squads Dispatched 2 | . 2 . Investigation 1 | . 1 . Extermination . | . . . Reinforcement 1 | . 1 . Assault . | . . . Garrison . | . . . Intercept . | . . . Searches Triggered . | . . . Construction Impeded . | . . . Haulers Reinforced . | . . . Active Scanning Responses . | . . . Cargo Convoy Interrupts . | . . . Stealth | -11 -10 -10 --------- Run | Yrd Mat Sub Distress Signals 3 | . 3 . Communications Jammed . | . . . Distress Signals . | . . . Times Spotted 29 | . 17 12 Peak Tracking Total 6 | . 6 3 Tactical Retreats 1 | . 1 . Traps | -11 -10 -10 ------- Run | Yrd Mat Sub Traps Triggered 3 | . 1 2 Indirectly . | . . . Trap Hack Attempts . | . . . Triggered . | . . . Disarmed . | . . . Reprogrammed . | . . . Reused . | . . . Traps Extracted . | . . . Installed . | . . . Triggered . | . . . Machines | -11 -10 -10 ---------- Run | Yrd Mat Sub Machines Disabled . | . . . Max in Single Turn . | . . . Machines Repaired . | . . . Machines Dismantled . | . . . Machines Sabotaged . | . . . Overloaded Fab Kills . | . . . Hacking | -11 -10 -10 --------- Run | Yrd Mat Sub Machines Accessed 6 | . 6 . Terminals 4 | . 4 . Fabricators . | . . . Repair Stations . | . . . Recycling Units 2 | . 2 . Scanalyzers . | . . . Garrison Access . | . . . Total Hacks 18 | . 18 . Successful 7 | . 7 . Failed 11 | . 11 . Catastrophic . | . . . Database Lockouts . | . . . Manual 13 | . 13 . Terminals 13 | . 13 . Fabricators . | . . . Repair Stations . | . . . Recycling Units 5 | . 5 . Scanalyzers . | . . . Garrison Access . | . . . Terminal Hacks 4 | . 4 . Terminal Index 1 | . 1 . Zone Layout 3 | . 3 . Fabricator Hacks . | . . . Repair Station Hacks . | . . . Recycling Unit Hacks 2 | . 2 . Retrieve Components 2 | . 2 . Scanalyzer . | . . . Garrison Access Hacks . | . . . Unauthorized Hacks 1 | . 1 . Terminals 1 | . 1 . Botnet 1 | . 1 . Fabricators . | . . . Repair Stations . | . . . Recycling Units . | . . . Scanalyzers . | . . . Garrison Access . | . . . Data Cores Recovered . | . . . Used . | . . . Hacking Detections 5 | . 5 . Full Trace Events . | . . . Feedback Events . | . . . Feedback Blocked . | . . . Robot Schematics Acquired . | . . . Robots Built . | . . . Authchips . | . . . Time . | . . . Total Robot Build Rating . | . . . Part Schematics Acquired . | . . . Parts Built . | . . . Authchips . | . . . Time . | . . . Total Part Build Rating . | . . . Part Studies Acquired . | . . . Parts Repaired . | . . . Time . | . . . Parts Recycled . | . . . Recycled Matter . | . . . Retrieved Matter . | . . . Retrieved Components . | . . . Parts Scanalyzed . | . . . Part Schematics Acquired . | . . . Parts Damaged . | . . . Bothacking | -11 -10 -10 ------------ Run | Yrd Mat Sub Used RIF Installer . | . . . Robots Hacked . | . . . Non-combat . | . . . Combat . | . . . Robot Hacks Applied . | . . . Relay Couplers Released . | . . . Fabnet Peak Effective % . | . . . Robots Rewired . | . . . Allies Hacked . | . . . Hacks Repelled . | . . . Allies | -11 -10 -10 -------- Run | Yrd Mat Sub Total Allies . | . . . Largest Group . | . . . Highest-Rated Group . | . . . Highest-Rated Ally . | . . . Total Orders . | . . . Ally Attacks . | . . . Total Damage . | . . . Kills . | . . . Allies Corrupted . | . . . Allies Melted . | . . . Intel | -11 -10 -10 ------- Run | Yrd Mat Sub Active Infowar (turns) 2581 | . 760 1821 Structural 2 | . . 2 Seismic 2579 | . 760 1819 Robot Analysis Total . | . . . Derelict Logs Recovered 1 | . . 1 Drone Launches . | . . . Drone Recoveries . | . . . Exploration | -11 -10 -10 ------------- Run | Yrd Mat Sub Turns Passed 2896 | 116 760 2020 Spaces Moved 1485 | 58 296 1131 Core 2 | 2 . . Treads 1429 | 56 296 1077 Legs . | . . . Wheels 54 | . . 54 Hover . | . . . Flight . | . . . Fastest Speed 50 | 50 160 105 Average Speed 158 | 156 160 157 Slowest Speed 240 | 160 160 240 Overloaded Moves . | . . . Propulsion Burnouts . | . . . Robots Hopped . | . . . Potential Cave-ins . | . . . Cave-ins Triggered . | . . . Exploration Rate (%) 44 | 5 55 73 Regions Visited 2 Branch Regions 1 Pre-discovered Areas . | . . . Known Exits Taken . | . . . Unknown Exits Taken 2 | 1 1 . Scrap Searched 6 | . . 6 Spaces Dug . | . . . Terrain Destroyed . | . . . Melee . | . . . Projectile . | . . . AOE . | . . . Terrain Rammed . | . . . Walls Destroyed . | . . . Machines Disabled . | . . . Actions | -11 -10 -10 --------- Run | Yrd Mat Sub Total 1857 | 71 507 1279 Wait 189 | . 158 31 Move 1483 | 57 295 1131 Hop . | . . . Pick Up 30 | 2 9 19 Fast Attach 13 | 7 1 5 Attach 13 | . . 13 Detach 11 | . . 11 Swap 2 | . 1 1 Drop 18 | . 1 17 Fire 98 | 5 42 51 Melee . | . . . Ram . | . . . Kick . | . . . Crush . | . . . Escape Stasis . | . . . Rewire . | . . . Trap . | . . . Miscellaneous . | . . . Route ------- -11/Scrapyard -10/Materials (discovered 3 exits: [*Mat] / [*Min] / [*Sub]) -10/Subcaves (discovered 2 exits: [*Mat x2]) History --------- Turn | Location | Event 10 | -11/Scrapyard | Discovered new exit (range 14) 117 | -11/Scrapyard | Entered Materials 315 | -10/Materials | Build established: Mutant 404 | -10/Materials | Discovered new exit (range 15) 518 | -10/Materials | Discovered new exit (range 20) 864 | -10/Materials | Discovered new exit (range 7) 877 | -10/Materials | Entered Subcaves 878 | -10/Subcaves | Approached by a straggling Scientist 900 | -10/Subcaves | Learned Materials terminal intel 1121 | -10/Subcaves | Shifting Twisted Machinery released Sub. Shrapnel Launcher 1122 | -10/Subcaves | Shifting Twisted Machinery released Shrapnel Trap 1409 | -10/Subcaves | Core integrity fell below 50% 1533 | -10/Subcaves | System corruption reached 10% 1704 | -10/Subcaves | Shifting Twisted Machinery released Multitool 1722 | -10/Subcaves | Shifting Twisted Machinery released Sub. Optics 1820 | -10/Subcaves | Build established: Scavenger-Mutant 2022 | -10/Subcaves | Discovered new exit (range 14) 2055 | -10/Subcaves | A swath of the cavern ceiling suddenly collapsed 2088 | -10/Subcaves | A swath of the cavern ceiling suddenly collapsed 2365 | -10/Subcaves | Shifting Twisted Machinery released Battle Rifle 2831 | -10/Subcaves | Discovered new exit (range 7) 2894 | -10/Subcaves | Disturbed a concealed Subdweller 2895 | -10/Subcaves | Core integrity fell below 20% 2897 | -10/Subcaves | Destroyed by G7-TGL(R) with Subdweller Shrapnel Launcher Last Messages --------------- 02859_ Acquired 25 matter. 02861_ Dropped Com. Wheel. 02864_ Acquired 10 matter. 02869_ System corrupted: Heat flow error (+148). 02885_ System corrupted: Component data lost. 02886_ Searching scrap... 02886_ Found Shrapnel Trap. 02886_ Found 58 Matter. 02887_ Searching scrap... 02887_ Found Sub. Monowheel. 02887_ Found Mak. Hammer. 02887_ Found 54 Matter. 02890_ Dropped Weapon Shielding. 02890_ Acquired Sub. Monowheel. 02893_ Searching scrap... 02893_ Found Sub. Monowheel. 02893_ Found 46 Matter. 02894_ G7-TGL(R) angrily emerges from the Twisted Machinery. 02895_ Sub. Monowheel destroyed. Map ----- +----------------------------------------------------+ | | | | | | | | | | | | | | | | | | | | | | | | | | | | | | | | | | | ?????????????????????????????????????????????????? | | ?????????????????????????????????????????????????? | | ?????????????????????????????????????????????????? | | ????????????????????##########???#???????????????? | | ???????????????????##$ ;;#?$<##??????????????? | | ???????????????????#$ R ;#< <#??????????????? | | ???????????????????# ; $#??????????????? | | ???????????????????#< $; <<#???????????????? | | ???????????????????# @ ; ####???????????????? | | ???????????????????## <##??????????????? | | ???????????????????##%% ! #??????????????? | | ???????????????????#< / ;;;;; $#??????????????? | | ???????????????????#< # ##??????????????? | | ???????????????????## ##<<#???????????????? | | ????????????????????##<< ## <#?##????#######????? | | ???????????????????#######" ###?????# #????? | | ???????????????????# ### < ##?????# #????? | | ???????????????????# #???# ###??? | | ??????????????????## ## ### #### ##?? | | ??????????????????# ## ### | | ??????????????????# | | ??????????????????## ### # | | ????????????????#### ###?# ### ### | | ????????????????# ## ## ##???# #?####?? | | ????????????????# ##### ##???# #??????? | | ??????????###?### ##????##???# ##??????? | | ?????????## ### ## ##??????????# ##???????? | | ?????????# ## !!#### #???????????# ?????????? | | ?????????# [%##?###???????????# ?????????? | | ?????????# =< #???????????????# ?????????? | | ?????????## #???????????????# ?????????? | | ??????????## " ### #??????????????? ?????????? | | ???????????###" ##?###??????????????? ?????????? | +----------------------------------------------------+ Best States ------------- Heat Dissipation 25 Energy Generation 15 Energy Capacity 250 Matter Stores 300 Matter Capacity 300 Sight Range 16 Terrain Scan Density 10 Weapon Shielding 33 Evasion (%) 40 Recoil Reduction 2 Item Schematics ----------------- None Robot Schematics ------------------ None Fabricated ------------ Nothing Repaired ---------- Nothing Studied --------- None Alien Tech Used ----------------- None Achievements -------------- My Bad Challenges ------------ None Game ------ Seed LongswordWarpInverter Manual? 0 Play Time 00:19:16 Cumulative 44.6 hours Start 2026.07.13 @ 09:54:36 End 2026.07.13 @ 10:12:24 Sessions 1 Manual Loads 0 Difficulty Rogue Special Mode None Game No. 49 Rogue 49 Adventurer 0 Explorer 0 Win Type - Total 1 Types 1/0/0/0/0/0/0/0/0/0 Lore% 42 Gallery% 35 Achievement% 33 Wizard Run 0 Options --------- Layout 1 ASCII 0 Keyboard 1 Movement Numpad Keybinds 1 Fullscreen 2 Font 24/Smallcaps Map View 50x40 Zoom Use 0% Tactical HUD 1 Map Filters NONE Filters NONE Steam 1 RUN: b333fa80-187c-429d-bab7-b4db9956a0e2